 Dungeon Crawl Stone Soup version 1.1-42-gff05dbd (webtiles) character file.

38418 arazyal the Unseen (level 13, -2/88 HPs)
             Began as a Dusk Walker Archaeologist on June 28, 2018.
             Was a High Priest of Wu Jian.
             Slain by a hippogriff (5 damage)
             ... on level 5 of the Lair of Beasts.
             The game lasted 00:42:45 (17285 turns).

arazyal the Unseen (Dusk Walker Archaeologist)     Turns: 17285, Time: 00:42:45

Health: -2/88      AC: 11    Str: 19    XL:     13   Next: 63%
Magic:  26/26      EV: 21    Int: 20    God:    Wu Jian [*****.]
Gold:   1247       SH:  9    Dex: 17    Spells: 26/30 levels left

rFire    . . .     SeeInvis .   q - +4 dagger (venom)
rCold    + + +     Gourm    .   x - +3 buckler of Teego {rElec Str+3 Stlth+}
rNeg     . . .     Faith    .   f - +4 skin of Zhor {rC+++}
rPois    .         Spirit   .   b - +1 hat
rElec    +         Reflect  .   (no cloak)
rCorr    .         Harm     .   d - +1 pair of gloves
MR       +....                  c - +1 pair of boots
Stlth    +++++++++.             F - amulet of magic regeneration
HPRegen  0.24/turn              s - +6 ring of intelligence
MPRegen  0.45/turn              (no ring)

@: slowed, very slow
A: draining touch, unencumbered stealth, fangs 3, nightstalker 2
a: Wall Jump, Serpent's Lash, Heavenly Storm, Renounce Religion


You were on level 5 of the Lair of Beasts.
You worshipped Wu Jian.
Wu Jian was extremely pleased with you.
You were not hungry.

You visited 3 branches of the dungeon, and saw 18 of its levels.

You collected 1247 gold pieces.

Inventory:

Hand Weapons
 h - a +0 short sword
 q - a +4 dagger of venom (weapon)
 I - a +0 falchion of holy wrath
 P - a +2 scimitar of flaming
Armour
 b - a +1 hat (worn)
 c - a +1 pair of boots (worn)
 d - a +1 pair of gloves (worn)
 f - the +4 skin of Zhor (worn) {rC+++}

   It renders you almost immune to cold.
 x - the +3 buckler of Teego (worn) {rElec Str+3 Stlth+}
   (You found it on level 4 of the Dungeon)

   It affects your strength (+3).
   It insulates you from electricity.
   It makes you more stealthy.
 J - a +0 troll leather armour
Jewellery
 s - a +6 ring of intelligence (left hand)
 F - an amulet of magic regeneration (around neck)
Wands
 r - a wand of acid (8)
 y - a wand of flame (51)
 C - a wand of clouds (6)
 O - a wand of random effects (25)
 Q - a wand of paralysis (19)
Scrolls
 i - 2 scrolls of magic mapping
 l - 8 scrolls of amnesia
 m - 2 scrolls of blinking {unknown}
 p - 4 scrolls of noise
 B - 2 scrolls of immolation
 G - a scroll of vulnerability {unknown}
 K - 5 scrolls of remove curse
 L - a scroll of acquirement {unknown}
 M - 3 scrolls of teleportation
 R - 2 scrolls of enchant weapon
 S - 5 scrolls of identify
Potions
 a - a potion of invisibility
 e - a potion of agility
 j - 2 potions of lignification
 k - 2 potions of cancellation
 n - a potion of magic
 o - 2 potions of brilliance {unknown}
 t - a potion of mutation {unknown}
 u - 2 potions of flight {unknown}
 w - 2 potions of berserk rage {unknown}
 z - 2 potions of haste
 E - a potion of ambrosia
 H - 7 potions of curing
 N - 2 potions of might {unknown}
Comestibles
 g - 24 rations


   Skills:
 + Level 7.8 Fighting
 + Level 11.2 Short Blades
 + Level 12.1 Dodging
 + Level 18.8 Stealth
 + Level 6.4 Shields
 * Level 9.1 Spellcasting
 - Level 0.6 Evocations


You had 26 spell levels left.
You knew the following spells:

 Your Spells              Type           Power        Failure   Level  Hunger
a - Beastly Appendage     Tmut           #.....       8%          1    None
b - Tukima's Dance        Hex            #.......     22%         3    None

Your spell library contained the following spells:

 Spells                   Type           Power        Failure   Level  Hunger
 Cause Fear               Hex            #.........   58%         4    ###....
 Apportation              Tloc           #.....       8%          1    None
 Slow                     Hex            #.......     12%         2    None
 Invisibility             Hex            #.......     100%        6    ######.
 Throw Frost              Conj/Ice       #.....       12%         2    None
 Freeze                   Ice            #...         8%          1    None
 Summon Ice Beast         Ice/Summ       #.......     58%         4    ###....
 Ozocubu's Armour         Chrm/Ice       #.......     22%         3    None
 Spider Form              Tmut/Pois      #.........   22%         3    None
 Blade Hands              Tmut           #.........   91%         5    #####..
 Ice Form                 Ice/Tmut       #.......     58%         4    ###....
 Throw Icicle             Conj/Ice       #.......     58%         4    ###....
 Sticks to Snakes         Tmut           #.......     12%         2    None
 Summon Butterflies       Summ           #.......     8%          1    None
 Corona                   Hex            #......      8%          1    None
 Alistair's Intoxication  Tmut/Pois      #.......     91%         5    #####..
 Portal Projectile        Hex/Tloc       #.....       22%         3    None
 Leda's Liquefaction      Hex/Erth       #.........   58%         4    ###....
 Inner Flame              Hex/Fire       #.......     22%         3    None
 Lesser Beckoning         Tloc           #.........   22%         3    None


Dungeon Overview and Level Annotations

Branches:
Dungeon (12/12)            Temple (1/1) D:5            Lair (5/6) D:10
  Swamp (0/3) Lair:4       Spider (0/3) Lair:4        Slime (0/5) Lair:5
    Orc (0/2) D:10         Vaults (0/5) D:12         Depths (0/5) D:12

Altars:
Ashenzari
Cheibriados
Dithmenos
Elyvilon
Fedhas
Gozag
Hepliaklqana
Jiyva
Kikubaaqudgha
Lugonu
Makhleb
Nemelex Xobeh
Okawaru
Qazlal
Ru
Sif Muna
Trog
Uskayaw
Vehumet
Wu Jian
Xom
Yredelemnul
Zin
The Shining One

Shops:
D:6 }

Portals:
Trove: D:10 (give +5 ice dragon scales)

Annotations:
D:12 3 runed doors


Innate Abilities, Weirdness & Mutations

Your attacks drain your enemies You move stealthily even while encumbered by armour You have razor-sharp teeth.
You are significantly more attuned to the shadows.


Message History

You hit the dream sheep.
The dream sheep is poisoned.
The dream sheep is moderately wounded.
You hit the dream sheep. You drain the dream sheep!
The dream sheep is severely wounded.
The black mamba bites you but does no damage.
The dream sheep bites you! You block the black mamba's attack.
The black mamba closely misses you. The dream sheep bites you.
The black mamba closely misses you. You block the black mamba's attack.
You block the black mamba's attack. x2
The dream sheep ruffle their wool and motes of dream dust sparkle, to no effect.
The black mamba bites you but does no damage.
The dream sheep shake their wool and sparkle.
You feel drowsy...
You fall asleep.
The spiny frog stings you!!!
You wake up.
Ouch! That really hurt!
* * * LOW HITPOINT WARNING * * *
The black mamba bites you.
* * * LOW HITPOINT WARNING * * *
The hippogriff barely misses you. The hippogriff pecks you.
You die...

#......................
.......P...............
#.....##.P..#..#.......
#.....######.#.#.......
#......# #.#.###.≈≈≈≈§
###....P.#
######..§#§≈.
##.#.....### #.^#.§≈≈≈.
#.......F§§# ####.≈≈§≈.
#.....#.S@## #.......
#...Y.Y.YH# ##.###.#
###...Yw..## #..##.#
..........# #######
..........#
........#...
.#...........
.............
.#........%


You could see a torpor snail, a hippogriff, a black mamba, a spiny frog and 4
dream sheep.

Vanquished Creatures
  Josephine (Lair:5)
  Erolcha (D:10)
  2 vault guards (D:11)
  A hydra (Lair:4)
  A rakshasa (D:12)
  Erica (D:8)
  2 two-headed ogres (D:8)
  A queen ant (Lair:4)
  2 centaur warriors
  A glowing orange brain (D:12)
  An orc knight (D:10)
  Pikel (D:8)
  A wolf spider (D:11)
  An orb spider (shapeshifter) (D:11)
  A deep elf mage (D:12)
  A wolf spider zombie (D:11)
  2 ugly things (D:12)
  A cyclops (D:10)
  A centaur zombie (D:10)
  2 black mambas
  Psyche (D:12)
  8 spiny frogs
  An efreet (D:11)
  8 komodo dragons
  2 tengu conjurers (D:12)
  A queen bee (Lair:2)
  4 trolls
  Prince Ribbit (D:5)
  5 blink frogs
  3 hippogriffs
  4 dream sheep (Lair:4)
  4 slime creatures (D:12)
  A shadow (D:11)
  4 redbacks (Lair:4)
  3 wraiths (Lair:5)
  A spriggan (shapeshifter) (D:12)
  Sigmund (D:5)
  3 spriggans (D:10)
  2 wyverns
  A vampire (D:10)
  14 yaks
  2 basilisks
  A hungry ghost (D:11)
  5 soldier ants (Lair:4)
  7 water moccasins
  12 porcupines
  A hornet zombie (D:12)
  An orc warrior (D:9)
  A slave (D:8)
  2 eyes of draining
  A phantom (D:8)
  6 ogres
  An ice beast (D:10)
  A sky beast (D:11)
  2 necrophages (D:10)
  10 wolves
  8 centaurs
  7 crocodiles
  3 big kobolds
  12 bullfrogs
  3 scorpions
  25 killer bees
  15 wights
  4 howler monkeys
  4 crimson imps
  A bullfrog zombie (D:5)
  4 jellies
  2 bullfrog skeletons
  4 hounds
  Ijyb (D:4)
  2 orc priests (D:10)
  5 centaur skeletons
  Natasha (thrice) (D:4 D:7)
  An iguana (D:6)
  9 orc wizards
  12 worker ants
  A killer bee zombie (D:8)
  2 hound zombies
  A hound skeleton (D:7)
  A worker ant zombie (D:7)
  A gnoll (shapeshifter) (D:12)
  11 adders
  3 shadow imps
  An ooze (D:4)
  2 adder skeletons (D:7)
  2 worms (D:3)
  2 dart slugs
  5 leopard geckos
  An orc (shapeshifter) (D:12)
  34 orcs
  5 giant cockroaches
  11 goblins
  7 hobgoblins
  11 jackals
  20 kobolds
  5 quokkas
  4 bats
  4 frilled lizards
  A leopard gecko skeleton (D:5)
  A leopard gecko zombie (D:5)
  A quokka skeleton (D:5)
  6 rats
  A plant (Lair:4)
419 creatures vanquished.

Vanquished Creatures (others)
  A human (D:2)
  3 plants
4 creatures vanquished.

Grand Total: 423 creatures vanquished

Notes
Turn   | Place    | Note
-------+----------+-------------------------------------------
     0 | D:1      | arazyal the Dusk Walker Archaeologist began the quest for the Orb.
     0 | D:1      | Reached XP level 1. HP: 13/13 MP: 1/1
     3 | D:1      | Noticed an electric eel
     3 | D:1      | Noticed an electric eel
    46 | D:1      | Reached skill level 5 in Stealth
    46 | D:1      | Reached XP level 2. HP: 16/18 MP: 2/2
   592 | D:2      | Reached XP level 3. HP: 23/23 MP: 3/3
  1044 | D:2      | Found an ancient bone altar of Kikubaaqudgha.
  1080 | D:2      | Noticed a human
  1082 | D:2      | Killed a human
  1209 | D:3      | Reached skill level 1 in Short Blades
  1209 | D:3      | Gained mutation: You are slightly more attuned to the shadows. [Dusk Walker growth]
  1209 | D:3      | Reached XP level 4. HP: 28/28 MP: 4/4
  1640 | D:3      | Reached skill level 5 in Dodging
  1773 | D:3      | Reached skill level 6 in Stealth
  1801 | D:3      | Reached XP level 5. HP: 24/33 MP: 5/5
  1922 | D:4      | Got a bloodstained buckler
  1950 | D:4      | Noticed Ijyb
  1962 | D:4      | Killed Ijyb
  1973 | D:4      | Noticed an ogre
  1976 | D:4      | Reached skill level 7 in Stealth
  1986 | D:4      | Killed an ogre
  1986 | D:4      | Reached XP level 6. HP: 27/38 MP: 6/6
  2048 | D:4      | Found a shadowy altar of Dithmenos.
  2312 | D:4      | Noticed Natasha
  2317 | D:4      | Killed Natasha
  2340 | D:4      | Noticed Natasha
  2348 | D:4      | Killed Natasha
  2643 | D:5      | Entered Level 5 of the Dungeon
  2720 | D:5      | Noticed Prince Ribbit
  2744 | D:5      | Killed Prince Ribbit
  2744 | D:5      | Reached skill level 8 in Stealth
  2744 | D:5      | Reached XP level 7. HP: 30/45 MP: 7/7
  2833 | D:5      | Noticed Sigmund
  2845 | D:5      | Killed Sigmund
  3095 | D:5      | Found a staircase to the Ecumenical Temple.
  3213 | Temple   | Entered the Ecumenical Temple
  3440 | D:6      | Found a shadowy altar of Dithmenos.
  3447 | D:6      | Found a bloodstained altar of Trog.
  3454 | D:6      | Found a shimmering altar of Xom.
  3459 | D:6      | Found a basalt altar of Yredelemnul.
  3472 | D:6      | Reached skill level 5 in Short Blades
  3561 | D:6      | Found an ornate altar of the Wu Jian Council.
  3562 | D:6      | Found a deep blue altar of Sif Muna.
  3641 | D:6      | Found Tyqeusuw's Gadget Shoppe.
  3680 | D:6      | Reached skill level 9 in Stealth
  3698 | D:6      | Gained mutation: You have razor-sharp teeth. [Dusk Walker growth]
  3698 | D:6      | Reached XP level 8. HP: 44/51 MP: 8/8
  3778 | D:6      | Found a snail-covered altar of Cheibriados.
  3849 | D:6      | Reached skill level 1 in Spellcasting
  3863 | D:6      | Noticed a centaur warrior
  4006 | D:6      | Killed a centaur warrior
  4006 | D:6      | Reached XP level 9. HP: 18/58 MP: 10/12
  4238 | D:7      | Noticed Natasha
  4247 | D:7      | Killed Natasha
  4247 | D:7      | Reached skill level 10 in Stealth
  5049 | D:7      | Identified the +3 buckler of Teego {rElec Str+3 Stlth+} (You found it on level 4 of the Dungeon)
  5481 | D:6      | Became a worshipper of the Wu Jian Council
  5565 | D:8      | Noticed a two-headed ogre
  5576 | D:8      | Killed a two-headed ogre
  5576 | D:8      | Reached skill level 11 in Stealth
  5856 | D:8      | Noticed a two-headed ogre
  5862 | D:8      | Killed a two-headed ogre
  5862 | D:8      | Reached skill level 10 in Dodging
  5862 | D:8      | Reached skill level 1 in Shields
  5862 | D:8      | Reached XP level 10. HP: 65/65 MP: 14/16
  5964 | D:8      | Found a white marble altar of Elyvilon.
  5968 | D:8      | Found a viscous altar of Jiyva.
  6030 | D:8      | Noticed Pikel
  6054 | D:8      | Killed Pikel
  6054 | D:8      | Reached skill level 12 in Stealth
  6211 | D:8      | Found a shimmering altar of Xom.
  6215 | D:8      | Noticed Erica
  6227 | D:8      | Killed Erica
  6227 | D:8      | Reached * piety under Wu Jian
  6885 | D:9      | Reached skill level 5 in Fighting
  6921 | D:9      | Reached skill level 5 in Spellcasting
  7072 | D:9      | Found a radiant altar of Vehumet.
  7364 | D:9      | Found a sacrificial altar of Ru.
  7429 | D:10     | Entered Level 10 of the Dungeon
  7433 | D:10     | Reached skill level 13 in Stealth
  7464 | D:10     | Noticed Erolcha
  7850 | D:11     | Reached XP level 11. HP: 72/72 MP: 19/19
  7882 | D:11     | Reached ** piety under Wu Jian
  7905 | D:11     | Noticed a purple ugly thing
  8267 | D:11     | Noticed a wolf spider
  8296 | D:11     | Noticed a red ugly thing
  8311 | D:12     | Entered Level 12 of the Dungeon
  8508 | D:11     | Noticed an orb spider
  8508 | D:11     | a hog changed into an orb spider
  8513 | D:11     | Killed an orb spider
  8529 | D:11     | Noticed a centaur warrior
  8533 | D:11     | Killed a centaur warrior
  8533 | D:11     | Reached skill level 14 in Stealth
  8732 | D:11     | Killed a wolf spider
  8846 | D:11     | Reached skill level 10 in Short Blades
  8894 | D:12     | Noticed Psyche
  8901 | D:12     | Killed Psyche
  9112 | D:12     | Reached skill level 15 in Stealth
  9142 | D:12     | Noticed a deep elf mage
  9144 | D:12     | Killed a deep elf mage
  9322 | D:12     | Found a runed gate.
  9322 | D:12     | Found a runed gate.
  9322 | D:12     | Found a runed gate.
  9376 | D:12     | Noticed a brown ugly thing
  9377 | D:12     | Noticed a glowing orange brain
  9387 | D:12     | Killed a glowing orange brain
  9409 | D:12     | Killed a brown ugly thing
  9624 | D:12     | Noticed a rakshasa
  9624 | D:12     | Noticed a brown ugly thing
  9626 | D:12     | Found a staircase to the Depths.
  9629 | D:12     | Killed a rakshasa
  9629 | D:12     | Reached skill level 16 in Stealth
  9631 | D:12     | Killed a brown ugly thing
  9636 | D:12     | Noticed a death drake
  9636 | D:12     | a moth of wrath changed into a death drake
  9640 | D:12     | a death drake changed into a moth of wrath
  9647 | D:12     | Gained mutation: You are significantly more attuned to the shadows. [Dusk Walker growth]
  9647 | D:12     | Reached XP level 12. HP: 59/79 MP: 22/22
  9838 | D:12     | Found a gate to the Vaults.
  9838 | D:12     | Noticed a vault guard
  9838 | D:12     | Noticed a vault guard
  9839 | D:12     | Noticed a five-headed hydra
  9839 | D:12     | Noticed a vault guard
  9839 | D:12     | Noticed a vault guard
 10078 | D:11     | Learned a level 1 spell: Beastly Appendage
 10082 | D:11     | Learned a level 3 spell: Tukima's Dance
 10122 | D:11     | Killed a vault guard
 10154 | D:11     | Killed a vault guard
 10548 | D:12     | Reached *** piety under Wu Jian
 10938 | D:10     | Found a portal to a secret trove of treasure.
 10965 | D:10     | Reached skill level 17 in Stealth
 11021 | D:10     | Found a staircase to the Orcish Mines.
 11125 | D:10     | Noticed a two-headed ogre
 11174 | D:10     | Reached **** piety under Wu Jian
 11377 | D:10     | Killed Erolcha
 11437 | D:10     | Found a staircase to the Lair.
 11779 | Lair:1   | Entered Level 1 of the Lair of Beasts
 12628 | Lair:2   | Reached skill level 5 in Shields
 14022 | Lair:3   | Reached XP level 13. HP: 64/86 MP: 25/25
 14907 | Lair:4   | Found a staircase to the Swamp.
 15310 | Lair:4   | Found a hole to the Spider Nest.
 15369 | Lair:4   | Reached ***** piety under Wu Jian
 15385 | Lair:4   | Reached skill level 18 in Stealth
 16757 | Lair:5   | Noticed Josephine
 16761 | Lair:5   | Killed Josephine
 17122 | Lair:5   | Found a staircase to the Slime Pits.
 17123 | Lair:5   | Found a viscous altar of Jiyva.
 17285 | Lair:5   | HP: 3/88 [black mamba (3)]
 17285 | Lair:5   | Slain by a hippogriff

Skill      XL: |  1  2  3  4  5  6  7  8  9 10 11 12 13 |
---------------+----------------------------------------+-----
Stealth        | 5 6 7 8 9 11 13 16 17 18 | 18.8
Dodging        | 4 5 6 7 8 10 11 12 | 12.1
Short Blades   | 1 2 4 5 7 8 9 10 11 | 11.2
Fighting       | 2 3 4 5 6 7 |  7.8
Spellcasting   | 2 4 5 6 8 9 |  9.1
Shields        | 1 2 3 5 6 |  6.4
Evocations     | |  0.6

Action                   |  1- 3 |  4- 6 |  7- 9 | 10-12 | 13-15 || total
-------------------------+-------+-------+-------+-------+-------++-------
Melee: Short sword       |    66 |       |       |       |       ||    66
       Unarmed           |     6 |       |       |       |       ||     6
       Bite              |    11 |     7 |    36 |   116 |    41 ||   211
       Dagger            |    27 |    98 |   255 |   912 |   368 ||  1660
       Scimitar          |       |       |       |     4 |       ||     4
Invok: Lunge             |       |       |     2 |    68 |    22 ||    92
       Whirlwind         |       |       |       |    98 |    37 ||   135
       Wall Jump         |       |       |       |    26 |     9 ||    35
       Serpent's Lash    |       |       |       |     2 |     2 ||     4
Evoke: Wand              |       |     4 |       |     6 |       ||    10
  Use: Scroll            |       |     5 |     6 |     8 |       ||    19
       Potion            |       |     1 |     5 |     6 |     2 ||    14
 Stab: Sleeping          |    10 |     6 |    14 |    55 |    28 ||   113
       Paralysed         |       |     1 |       |       |       ||     1
       Distracted        |       |       |     1 |    10 |     1 ||    12
  Eat: Chunk             |       |     5 |     7 |    11 |     8 ||    31
       Ration            |       |       |     1 |     5 |     1 ||     7
Armor: Robe              |    32 |    23 |    22 |       |       ||    77
       Skin              |       |       |     2 |       |       ||     2
       Animal skin       |       |       |    37 |    63 |    25 ||   125
Dodge: Dodged            |    81 |    39 |   138 |   319 |   168 ||   745
Block: Buckler           |       |       |    15 |   207 |    90 ||   312
